 Dungeon Crawl Stone Soup version 0.21-a0-450-gd87a9b27c2 (webtiles) character file.

56 LarsimusPrime the Chopper (level 3, 0/34 HPs)
             Began as a Hill Orc Monk on Nov 19, 2017.
             Succumbed to a worker ant's poison
             ... on level 3 of the Dungeon.
             The game lasted 00:04:53 (1671 turns).

LarsimusPrime the Chopper (Hill Orc Monk)           Turns: 1671, Time: 00:04:54

Health: 0/34       AC:  2    Str: 14    XL:     3   Next: 97%
Magic:  12/12      EV: 18    Int: 10    God:
Gold:   66         SH:  0    Dex: 18    Spells: 2/2 levels left

rFire    . . .     SeeInvis .   a - +0 hand axe
rCold    . . .     Gourm    .   (no shield)
rNeg     + . .     Faith    .   b - +0 robe
rPois    .         Spirit   .   (no helmet)
rElec    .         Reflect  .   (no cloak)
rCorr    .         Harm     .   (no gloves)
MR       .....                  (no boots)
Stlth    +++.......             (no amulet)
HPRegen  0.11/turn              d - ring of positive energy
MPRegen  0.13/turn              k - ring of magical power

@: agile, lethally poisoned (0 -> -13)
A: no striking features
a: no special abilities


You were on level 3 of the Dungeon.
You were not hungry.

You visited 1 branch of the dungeon, and saw 3 of its levels.

You collected 66 gold pieces.

Inventory:

Hand Weapons
 a - a +0 hand axe (weapon)
Armour
 b - a +0 robe (worn)
Jewellery
 d - a ring of positive energy (left hand)
 k - a ring of magical power (right hand)
Scrolls
 f - a scroll of immolation {unknown}
 g - 4 scrolls of remove curse {unknown}
 h - 2 scrolls of identify {unknown}
 m - a scroll of recharging {unknown}
Potions
 e - a potion of mutation {unknown}
 i - a potion of agility
 j - a potion of brilliance {unknown}
Comestibles
 c - 5 bread rations
 l - 6 chunks of flesh
 n - a royal jelly


   Skills:
 + Level 4.6 Fighting
 + Level 5.4 Axes
 - Level 2.4 Dodging
 - Level 1.5 Stealth


You had 2 spell levels left.
You didn't know any spells.

Dungeon Overview and Level Annotations

Branches:
Dungeon (3/15)

Altars:
Ashenzari
Qazlal


Message History

The worker ant poisons you!
You hit the worker ant but do no damage.
The worker ant is almost dead.
* * * LOW HITPOINT WARNING * * *
You feel sick. The worker ant closely misses you.
You closely miss the worker ant.
The worker ant is almost dead.
* * * LOW HITPOINT WARNING * * *
You feel sick.
The worker ant bites you but does no damage.
The worker ant bites you.
* * * LOW HITPOINT WARNING * * *
You hit the worker ant but do no damage.
The worker ant is severely wounded.
* * * LOW HITPOINT WARNING * * *
You feel sick. The worker ant bites you.
* * * LOW HITPOINT WARNING * * *
It was a potion of agility.
You feel agile all of a sudden.
You die...

#...#
#.........##.. ..
#####
##........##.#..#
#........##.#..# .
#........##.#..# .#
#........##a#..#...
#........##.r......
#........##......#
#####.#####.....#
#..@a.......#
#######.....#
#.>.>.... #.....###
#.....# #.$.....
......### .######


You could see a worker ant.

Vanquished Creatures
  An adder (D:3)
  A worm (D:2)
  A dart slug (D:2)
  A leopard gecko (D:2)
  10 bats
  3 giant cockroaches
  6 goblins
  4 hobgoblins
  4 kobolds
  A quokka (D:3)
  4 frilled lizards
  4 rats
40 creatures vanquished.

Vanquished Creatures (others)
  A goblin (D:2)
1 creature vanquished.

Grand Total: 41 creatures vanquished

Notes
Turn   | Place    | Note
-------+----------+-------------------------------------------
     0 | D:1      | LarsimusPrime the Hill Orc Monk began the quest for the Orb.
     0 | D:1      | Reached XP level 1. HP: 19/19 MP: 1/1
   149 | D:1      | Reached XP level 2. HP: 22/27 MP: 2/2
   720 | D:2      | Reached XP level 3. HP: 33/33 MP: 3/3
   834 | D:2      | Found a stormy altar of Qazlal.
   894 | D:2      | Found a shattered altar of Ashenzari.
   897 | D:2      | Reached skill level 5 in Axes
  1670 | D:3      | HP: 1/34 [worker ant (1)]
  1671 | D:3      | Succumbed to a worker ant's poison

Vault maps used:
D:1:      dpeg_arrival_renting
D:2:      grunt_qazlal_clouds, nicolae_overflow_hidden_temple
D:3:      chequers_ecumenical_altar_simple_redux, lexackson_kobold_supper

Skill      XL: |  1  2  3 |
---------------+----------+-----
Fighting       | 4 |  4.6
Axes           | 5 |  5.4
Dodging        | |  2.4
Stealth        | |  1.5

Action                   || total
-------------------------++-------
Melee: Hand axe          ||   115
  Use: Potion            ||     1
 Stab: Sleeping          ||     6
  Eat: Chunk             ||     2
Armor: Robe              ||    23
Dodge: Dodged            ||   101

Table legend:
 A = Spawn XP
 B = Non-spawn XP
 C = Spawn XP percentage of total XP
 D = Spawn monster count
 E = Non-spawn monster count
 F = Spawn count percentage of total count
 G = Total turns spent on level
                    A         B        C        D         E        F      G
               +---------+---------+-------+---------+---------+-------+---------
         Total |       0 |      81 |   0.0 |       0 |      40 |   0.0 |  1671
               +---------+---------+-------+---------+---------+-------+---------
           D:1 |       0 |      24 |   0.0 |       0 |      16 |   0.0 |   564
           D:2 |       0 |      33 |   0.0 |       0 |      15 |   0.0 |   773
           D:3 |       0 |      24 |   0.0 |       0 |       9 |   0.0 |   334
               +---------+---------+-------+---------+---------+-------+---------
